 Dungeon Crawl Stone Soup version 0.29-a0-297-g7659ce593d (webtiles) character file.

Game seed: 10169574502844940162

46 Dabor the Insei (level 3, -7/18 HPs)
             Began as a Vine Stalker Transmuter on Mar 21, 2022.
             Was a Follower of Makhleb.
             Mangled by Sigmund
             ... wielding a +0 scythe
              (8 damage)
             ... on level 3 of the Dungeon.
             The game lasted 00:01:50 (2107 turns).

Dabor the Insei (Vine Stalker Transmuter)           Turns: 2107, Time: 00:01:50

Health: -7/18      AC:  3    Str: 14    XL:     3   Next: 66%
Magic:  0/7        EV: 12    Int: 19    God:    Makhleb [*.....]
Gold:   153        SH:  0    Dex: 14    Spells: 4/7 levels left

rFire   . . .      SeeInvis .     - Unarmed
rCold   . . .      Faith    .   (no shield)
rNeg    . . .      Spirit   +   a - +0 robe
rPois   .          Reflect  .   (helmet currently unavailable)
rElec   .          Harm     .   (no cloak)
rCorr   .          Rampage  .   f - +0 pair of gloves
Will    .....                   (boots currently unavailable)
Stlth   +.........              (no amulet)
HPRegen 0.06/turn               c - +6 ring of intelligence
MPRegen 0.10/turn               (no ring)

@: confused, appendages, wereblooded
A: horns 2, talons 2, fangs 2, magic shield, antimagic bite, no potion heal 2
a: End Transformation, Renounce Religion


You were on level 3 of the Dungeon.
You worshipped Makhleb.
Makhleb was aware of your devotion.
You had temporarily grown beastly horns and talons.
You visited 1 branch of the dungeon, and saw 3 of its levels.

You collected 153 gold pieces.

Inventory:

Armour
 a - a +0 robe (worn)
 f - a +0 pair of gloves (worn)
Jewellery
 c - a +6 ring of intelligence (left hand)
Scrolls
 g - a scroll of brand weapon
 h - a scroll of fear {unknown}
 i - a scroll of identify
 j - a scroll of immolation {unknown}
 l - a scroll of amnesia {unknown}
 m - a scroll of fog {unknown}
 o - a scroll of noise {unknown}
Potions
 b - a potion of lignification
 d - a potion of cancellation {unknown}
 e - a potion of degeneration {unknown}
 k - a potion of berserk rage {unknown}
 n - a potion of haste {unknown}


   Skills:
 * Level 1.4 Fighting
 * Level 2.0 Dodging
 * Level 3.4 Unarmed Combat
 * Level 2.6 Spellcasting
 * Level 2.4 Transmutations
 + Level 0.3 Invocations


You had 4 spell levels left.
You knew the following spells:

 Your Spells              Type           Power      Damage    Failure   Level
a - Beastly Appendage     Tmut           22%        N/A       6%          1
b - Wereblood             Tmut           11%        N/A       9%          2

Your spell library contained the following spells:

 Spells                   Type           Power      Damage    Failure   Level
 Spider Form              Tmut/Pois      7%         N/A       28%         3
 Ice Form                 Ice/Tmut       7%         N/A       67%         4


Dungeon Overview and Level Annotations

Branches:
Dungeon (3/15)

Altars:
Gozag
Makhleb

Annotations:
D:3 Sigmund


Innate Abilities, Weirdness & Mutations

You have temporarily grown beastly horns and talons.
You have extremely sharp teeth.
When hurt, damage is shared between your health and your magic reserves.
Your bite disrupts and absorbs the magic of your enemies.
Potions cannot restore your health.


Message History

Found an opulent altar of Gozag.
You now have 153 gold pieces (gained 13).
Found 21 stones.
Sigmund the Dreaded comes into view.
He is wielding a +0 scythe.
Sigmund is nearby!
Sigmund is nearby!
Sigmund is nearby!
Casting: Beastly Appendage (safe; 6% risk of failure)
Confirm with . or Enter, or press ? or * to list all spells.
You grow a pair of large bovine horns.
Your feet morph into talons.
A worm comes into view.
Casting: Beastly Appendage (safe; 6% risk of failure)
Confirm with . or Enter, or press ? or * to list all spells.
Your blood is infused with primal strength.
Found a book of Transfigurations.
Found a yellow potion.
Sigmund shouts!
Sigmund casts a spell at you.
You are confused.
A ball python comes into view.
The ball python hisses angrily.
Sigmund hits you from afar with a +0 scythe!
The worm bites you.
You hit Sigmund. Your kick misses Sigmund. Your bite misses Sigmund.
Sigmund is lightly wounded.
Sigmund closely misses you. The worm bites you.
* * * LOW HITPOINT WARNING * * *
You closely miss Sigmund. You bite Sigmund.
Sigmund's magic leaks into the air.
You drain his magic.
You feel invigorated.
Sigmund is lightly wounded.
You are too confused!
You hit Sigmund. Your kick misses Sigmund. Your headbutt misses Sigmund.
You bite Sigmund, but do no damage.
Sigmund is moderately wounded.
Sigmund falters for a moment.
A goblin comes into view. It is wielding a +0 dagger.
The worm bites you.
* * * LOW HITPOINT WARNING * * *
Sigmund hits you from afar with a +0 scythe!
You die...

##.#####.g#
##.........#
##.........###
###............
.............###
#.......S:....
#.....w@...#
##########.........!#
...[.....##.....@..##
....####...........#
....>..###..........#
....##..............#
....#####...........#
..........≈≈.≈≈.......
....###....≈.≈......##
....# #..≈.....≈...##
....# #..≈≈...≈≈..##


You could see Sigmund (magic disrupted), a worm and a ball python.

Vanquished Creatures
  An adder (D:2)
  2 ball pythons
  3 endoplasms (D:1)
  2 giant cockroaches
  3 goblins
  5 hobgoblins
  2 jackals (D:2)
  A kobold (D:2)
  2 quokkas
  5 bats
  3 frilled lizards
  2 rats (D:1)
31 creatures vanquished.

Vanquished Creatures (others)
  A plant (D:1)
1 creature vanquished.

Grand Total: 32 creatures vanquished

Notes
Turn   | Place    | Note
-------+----------+-------------------------------------------
     0 | D:1      | Dabor the Vine Stalker Transmuter began the quest for the
                  | Orb.
     0 | D:1      | Reached XP level 1. HP: 9/9 MP: 4/4
    41 | D:1      | Reached skill level 1 in Fighting
   197 | D:1      | Reached XP level 2. HP: 14/14 MP: 6/6
  1252 | D:2      | Learned a level 2 spell: Wereblood
  1274 | D:2      | Reached XP level 3. HP: 16/18 MP: 5/7
  1274 | D:2      | Found a faded altar of an unknown god.
  1284 | D:2      | Prayed at the altar of an unknown god.
  1284 | D:2      | Became a worshipper of Makhleb the Destroyer
  1284 | D:2      | Reached * piety under Makhleb
  2085 | D:3      | Found an opulent altar of Gozag.
  2096 | D:3      | Noticed Sigmund
  2107 | D:3      | Mangled by Sigmund

Illustrated notes

Levels and vault maps discovered:
D:1:      wander_arrival_fairy_ring, layout_basic, st_stairs_5, minivault_4,
          nrook_loot_triangle
D:2:      layout_basic, shapermc_ecumenical_altar_starsandcircs
D:3:      layout_rooms, mainiacjoe_overflow_small_starburst, marbit_many_paths,
          trog_wizard, nicolae_uskayaw_suspiria, uniq_sigmund

Skill      XL: |  1  2  3 |
---------------+----------+-----
Fighting       | 1 |  1.4
Dodging        | 2 |  2.0
Unarmed Combat | |  3.4
Spellcasting   | |  2.6
Transmutations | |  2.4
Invocations    | |  0.3

Action                   || total
-------------------------++-------
Melee: Unarmed           ||    86
       Punch             ||     2
       Bite              ||    15
       Kick              ||     3
       Headbutt          ||     1
 Cast: Beastly Appendage ||     4
       Wereblood         ||     2
  Use: Scroll            ||     3
 Stab: Sleeping          ||     1
Armor: Robe              ||    21
Dodge: Dodged            ||    56

Table legend: (Time is in decaauts)
 A = Elapsed time spent in this place.
 B = Non-inter-level travel time spent in this place.
 C = Inter-level travel time spent in this place.
 D = Time resting spent in this place.
 E = Time spent auto-exploring this place.
 F = Levels seen in this place.
 G = Mean time per level.
                   A        B        C        D        E       F      G
               +--------+--------+--------+--------+--------+-----+--------+
         Total |   2100 |   2064 |     36 |      0 |   1769 |   3 |  700.0 |
       Dungeon |   2100 |   2064 |     36 |      0 |   1769 |   3 |  700.0 |
               +--------+--------+--------+--------+--------+-----+--------+

Top non-repeatable levels by time:
     D:1: 1145 daAuts
     D:2: 910 daAuts
     D:3: 44 daAuts
